cohdb
Replays
Latest Replays
All Replays
Popular Replays
Top Player Replays
Match Explorer
How It Works
Community
CoH3 Stats
Reddit
Sign in to upload your games and track your stats! →
Sign in with Steam
Match 42816234
Unlisted
Match 42816234
Overview
Messages
Build Orders
End
Panzergrenadier Squad
Selects Armored Support Battlegroup
Panzergrenadier Squad
Construct Light Support Kompanie
MG34 Team
2.5-tonne Medical Truck
Fire Support Elements
le.IG 18 Mechanized Group
Pak 38 Anti-tank Gun Team
Selects Veteran Gunners
Selects Salvage Kits
Selects Panzer Storm
le.IG 18 Support Gun Team
MG34 Team
Pak 38 Anti-tank Gun Team
Construct Panzerarmee Kommand
Panzergrenadier Squad
Armored Reserves
Tiger Heavy Tank
Rapid Advance
Advanced Field Repairs
Panzergrenadier Squad
Flak 36 Anti-tank Gun Team
Panzergrenadier Squad
Panzergrenadier Squad
Tungsten Core Ammunition
Advanced Optics
Emergency Repair Kits
Selects Stuka Anti-tank Loiter
Tiger Heavy Tank
Flak 36 Anti-tank Gun Team
Leo Major
gghhhjjkkll
XAPA KENTE
b1ackie360
Geno 21
Scooter
RayneFall
horizondawn
0
0
Comments
sign in to comment!
No comments posted yet!